 Dungeon Crawl Stone Soup version 0.27-a0-1559-g299f9947c5 (webtiles) character file.

Game seed: 5649969284125932604

462 HAL9000 the Changer (level 6, -11/47 HPs)
             Began as a Draconian Transmuter on July 16, 2021.
             Mangled by an orc warrior (22 damage)
             ... on level 2 of the Dungeon.
             The game lasted 00:04:45 (4458 turns).

HAL9000 the Changer (Draconian Transmuter)          Turns: 4458, Time: 00:04:45

Health: -11/47     AC:  2    Str: 13    XL:     6   Next: 79%
Magic:  7/9        EV: 19    Int: 15    God:
Gold:   119        SH:  0    Dex: 16    Spells: 3/9 levels left

rFire    . . .     SeeInvis .     - Unarmed
rCold    . . .     Faith    .   (shield currently unavailable)
rNeg     . . .     Spirit   .   (armour unavailable)
rPois    x         Reflect  .   (helmet currently unavailable)
rElec    .         Harm     .   (cloak currently unavailable)
rCorr    .         Rampage  .   (gloves currently unavailable)
Will     .....                  (boots currently unavailable)
Stlth    +.........             (no amulet)
HPRegen  0.15/turn              (no ring)
MPRegen  0.11/turn              (no ring)

@: spider-form (expiring)
A: venomous fangs, AC +6, tiny, unfitting armour, (cold-blooded)
a: End Transformation


You were on level 2 of the Dungeon.
You were a venomous arachnid creature.
You visited 1 branch of the dungeon, and saw 4 of its levels.

You collected 119 gold pieces.

Inventory:

Hand Weapons
 h - a +2 dagger of protection (melded)
Armour
 n - a +0 pair of boots (melded)
Jewellery
 k - a +6 ring of intelligence
Wands
 m - a wand of iceblast (17)
Scrolls
 a - a scroll of enchant weapon {unknown}
 b - 2 scrolls of identify {unknown}
 e - a scroll of immolation {unknown}
 g - 2 scrolls of noise {unknown}
 i - 2 scrolls of teleportation {unknown}
 l - 2 scrolls of vulnerability {unknown}
Potions
 c - 2 potions of attraction {unknown}
 d - 2 potions of curing {unknown}
 f - 2 potions of lignification {unknown}
 j - a potion of cancellation {unknown}


   Skills:
 - Level 1.1 Fighting
 - Level 1.7 Dodging
 - Level 3.0 Unarmed Combat
 + Level 2.2 Spellcasting
 + Level 7.3 Transmutations


You had 3 spell levels left.
You knew the following spells:

 Your Spells              Type           Power      Damage    Failure   Level
a - Beastly Appendage     Tmut           46%        N/A       5%          1
b - Wereblood             Tmut           23%        N/A       7%          2
c - Spider Form           Tmut/Pois      6%         N/A       32%         3

Your spell library contained the following spells:

 Spells                   Type           Power      Damage    Failure   Level
 Ice Form                 Ice/Tmut       12%        N/A       65%         4


Dungeon Overview and Level Annotations

Branches:
Dungeon (4/15)
 Temple: D:4-7

Altars:
Fedhas
Uskayaw

Shops:
D:2 *


Innate Abilities, Weirdness & Mutations

You are a venomous arachnid creature.
You have poisonous fangs.
You are tiny and dextrous.
Your spellcasting is less reliable in this form.
Your armour is entirely melded.
You are incapable of wielding weapons or throwing items.
((Your plain brown scales are hard. (AC +6)))
You cannot fit into any form of body armour.
((You are cold-blooded and may be slowed by cold attacks.))


Message History

The orc warrior closely misses you.
The orc wizard hits you with a +0 dagger.
* * * LOW HITPOINT WARNING * * *
You climb upwards.
There is a stone staircase leading down here.
Unknown command.
The orc wizard points at you and mumbles some strange words.
You resist with some effort.
Your transformation is almost over.
There is a stone staircase leading up here.
You climb upwards.
There is a stone staircase leading down here.
Unknown command.
Your transformation has ended.
Your +2 dagger of protection unmelds from your body.
Your +0 pair of boots unmelds from your body.
Your +2 dagger of protection hums with potential!
Casting: Spider Form (dangerous; 14% risk of failure)
Confirm with . or Enter, or press ? or * to list all spells.
You turn into a venomous arachnid creature.
Your +2 dagger of protection melds into your body.
Your +0 pair of boots melds into your body.
Your +2 dagger of protection goes still.
The orc warrior barely misses you.
You hit the orc warrior.
The orc warrior is poisoned.
The orc warrior is lightly wounded.
The orc warrior closely misses you.
Your transformation is almost over.
You hit the orc warrior but do no damage.
The orc warrior is heavily wounded.
The orc warrior misses you.
The orc warrior looks more healthy.
You hit the orc warrior but do no damage.
The orc warrior is severely wounded.
The orc warrior hits you with a +0 dire flail.
* * * LOW HITPOINT WARNING * * *
You hit the orc warrior but do no damage.
The orc warrior is severely wounded.
The orc warrior hits you with a +0 dire flail!!
You die...

#....##..#####.# #)...# #.
..#..##..#####.# #...## #.
.###.....<..<#)# ##.## #.
..#......###.#.# #.# #.
.....##### #)#.# #.# #. .#.#.#
#.#)## #.# #. ...#.#
#..).##########.#####.
.....#########..##............##.
................so......##.##.##.
.#..#######.###.##.####.##.##)##.
<#..# ####.# #.##.# #.##.##†##.
.#..####....# #.##.# #.##.......
.).....#.#### #.##.# ##.#####..#>
..........# #.##.# #..# #..#.
##........# #.##.# #.## #..##
##..##.##.# #.##.###.######..#
....##.##÷# #.##.............#


You could see an orc warrior.

Vanquished Creatures
  Sigmund (D:2)
  2 orc priests (D:2)
  Ijyb (D:3)
  An orc wizard (D:2)
  Terence (D:2)
  Robin (D:2)
  7 adders
  A shadow imp (D:3)
  A worm (D:3)
  3 dart slugs
  3 orcs
  2 bats
  4 endoplasms
  3 giant cockroaches (D:1)
  9 goblins
  9 hobgoblins
  2 jackals (D:1)
  7 quokkas
  4 ball pythons
  5 frilled lizards
  7 kobolds
  7 rats
81 creatures vanquished.

Vanquished Creatures (others)
  A kobold (D:3)
1 creature vanquished.

Grand Total: 82 creatures vanquished

Notes
Turn   | Place    | Note
-------+----------+-------------------------------------------
     0 | D:1      | HAL9000 the Draconian Transmuter began the quest for the
                  | Orb.
     0 | D:1      | Reached XP level 1. HP: 16/16 MP: 3/3
   119 | D:1      | Reached XP level 2. HP: 11/23 MP: 5/5
   361 | D:1      | Learned a level 2 spell: Wereblood
   412 | D:1      | Found a faded altar of an unknown god.
   441 | D:1      | Reached skill level 3 in Transmutations
   769 | D:1      | Reached XP level 3. HP: 26/28 MP: 4/6
   816 | D:1      | Learned a level 3 spell: Spider Form
  1263 | D:2      | Reached skill level 4 in Transmutations
  1269 | D:2      | Reached XP level 4. HP: 8/35 MP: 4/7
  1537 | D:2      | Noticed Robin
  1546 | D:2      | Killed Robin
  1549 | D:2      | Reached skill level 5 in Transmutations
  1592 | D:2      | Reached XP level 5. HP: 16/40 MP: 8/8
  1997 | D:2      | Found Taus's General Store.
  2048 | D:2      | Noticed Sigmund
  2296 | D:2      | Killed Sigmund
  2297 | D:2      | Reached skill level 6 in Transmutations
  2297 | D:2      | Reached XP level 6. HP: 11/47 MP: 6/9
  2552 | D:2      | Noticed Terence
  2563 | D:2      | Killed Terence
  3266 | D:3      | Reached skill level 7 in Transmutations
  3334 | D:3      | Found a hide-covered altar of Uskayaw.
  3851 | D:3      | Noticed Ijyb
  3862 | D:3      | Killed Ijyb
  4287 | D:4      | Noticed an orc warrior
  4287 | D:4      | Found a blossoming altar of Fedhas.
  4458 | D:2      | Mangled by an orc warrior

Illustrated notes

Levels and vault maps discovered:
D:1:      sevenhm_arrival_forest_fort_large_2, layout_loops_ring,
          hellmonk_ecumenical_altar_arch_garden, minmay_misc_feat_diagonals
D:2:      layout_loops_ring, serial_shops, shop, uniq_robin, uniq_sigmund,
          uniq_terence
D:3:      minmay_door_path, layout_basic, nicolae_uskayaw_dance_hall, uniq_ijyb
D:4:      layout_rooms, fedhas_altar_2, yredelemnul_altar_generic,
          gammafunk_ghost_necromancy, nicolae_shop_self_help, uniq_edmund,
          uniq_pikel, uniq_duvessa

Skill      XL: |  1  2  3  4  5  6 |
---------------+-------------------+-----
Transmutations | 3 4 5 6 7 |  7.3
Fighting       | |  1.1
Dodging        | |  1.7
Unarmed Combat | |  3.0
Spellcasting   | |  2.2

Action                   |  1- 3 |  4- 6 || total
-------------------------+-------+-------++-------
Melee: Unarmed           |   102 |   135 ||   237
       Tailslap          |     6 |     7 ||    13
       Headbutt          |     2 |     5 ||     7
       Kick              |     1 |    13 ||    14
       Dagger            |       |    62 ||    62
       Punch             |       |     1 ||     1
 Cast: Beastly Appendage |     7 |     7 ||    14
       Spider Form       |     1 |    17 ||    18
       Wereblood         |       |     1 ||     1
 Stab: Sleeping          |       |     2 ||     2
Armor: Skin              |    31 |    34 ||    65
Dodge: Dodged            |    62 |   128 ||   190

Table legend: (Time is in decaauts)
 A = Elapsed time spent in this place.
 B = Non-inter-level travel time spent in this place.
 C = Inter-level travel time spent in this place.
 D = Time resting spent in this place.
 E = Time spent auto-exploring this place.
 F = Levels seen in this place.
 G = Mean time per level.
                   A        B        C        D        E       F      G
               +--------+--------+--------+--------+--------+-----+--------+
         Total |   4448 |   4316 |    132 |   1200 |   2420 |   4 | 1112.0 |
       Dungeon |   4448 |   4316 |    132 |   1200 |   2420 |   4 | 1112.0 |
               +--------+--------+--------+--------+--------+-----+--------+

Top non-repeatable levels by time:
     D:2: 1657 daAuts
     D:1: 1615 daAuts
     D:3: 1168 daAuts
     D:4: 7 daAuts
